 Dungeon Crawl Stone Soup version 0.21.0-24-g2553a33 (webtiles) character file.

155 quantumfuzzball the Skirmisher (level 5, 0/42 HPs)
             Began as a Formicid Abyssal Knight on Jan 20, 2018.
             Was a Believer of Lugonu.
             Slain by a worker ant (4 damage)
             ... on level 4 of the Dungeon.
             The game lasted 00:08:10 (4403 turns).

quantumfuzzball the Skirmisher (FoAK)               Turns: 4403, Time: 00:08:11

Health: 0/42       AC:  7    Str: 20    XL:     5   Next: 63%
Magic:  7/7        EV:  8    Int: 11    God:    Lugonu [**....]
Gold:   111        SH:  8    Dex: 10    Spells: 4/4 levels left

rFire    . . .     SeeInvis +   a - +1 hand axe
rCold    . . .     Gourm    .   j - +0 shield
rNeg     . . .     Faith    .   m - +0 ring mail
rPois    .         Spirit   .   (helmet unavailable)
rElec    .         Reflect  .   (no cloak)
rCorr    .         Harm     .   (no gloves)
MR       .....                  (no boots)
Stlth    ..........             (no amulet)
HPRegen  0.14/turn              (no ring)
MPRegen  0.10/turn              (no ring)

@: lethally poisoned (0 -> -12)
A: permanent stasis, dig shafts and tunnels, four strong arms, antennae 3, fangs
1, yellow scales 1, blurry vision 1, strong 1, evolution 1
a: Dig, Shaft Self, Depart the Abyss, Bend Space, Renounce Religion


You were on level 4 of the Dungeon.
You worshipped Lugonu.
Lugonu was pleased with you.
You were very hungry.

You visited 1 branch of the dungeon, and saw 4 of its levels.
You visited the Abyss 1 time.

You collected 111 gold pieces.

Inventory:

Hand Weapons
 a - a +1 hand axe (weapon)
Armour
 j - a +0 shield (worn)
 m - a +0 ring mail (worn)
Scrolls
 b - 2 scrolls of enchant weapon
 h - a scroll of immolation
 i - a scroll of magic mapping
 o - a scroll of enchant armour {unknown}
 p - 3 scrolls of remove curse
 r - a scroll of fear {unknown}
 s - a scroll of teleportation {unknown}
Potions
 e - 3 potions of curing
 f - a potion of resistance {unknown}
 g - a potion of mutation
 k - a potion of degeneration {unknown}
 n - 2 potions of agility {unknown}
Comestibles
 c - 4 rations


   Skills:
 + Level 4.1 Fighting
 * Level 3.4 Axes
 + Level 3.1 Armour
 - Level 1.2 Dodging
 + Level 1.4 Shields
 + Level 3.2 Invocations


You had 4 spell levels left.
You didn't know any spells.

Dungeon Overview and Level Annotations

Branches:
Dungeon (4/15)
 Temple: D:4-7

Altars:
Xom
Yredelemnul


Innate Abilities, Weirdness & Mutations

You cannot be hasted, slowed, berserked, paralysed or teleported.
You can dig through walls and to a lower floor.
Your four strong arms can wield two-handed weapons with a shield.
You have a pair of large antennae on your head. (SInv)
You have very sharp teeth.
You are partially covered in yellow scales. (AC +2)
Scrolls take you a little longer to read.
Your muscles are strong. (Str +2)
You evolve.


Message History

You hit the worker ant but do no damage.
You bite the worker ant, but do no damage.
The worker ant is severely wounded.
You feel sick. The worker ant barely misses you.
You closely miss the worker ant.
The worker ant is severely wounded.
You block the worker ant's attack. The worker ant bites you!
* * * LOW HITPOINT WARNING * * *
You are lethally poisoned!
The worker ant poisons you!
You hit the worker ant.
The worker ant is almost dead.
* * * LOW HITPOINT WARNING * * *
You feel sick. The worker ant barely misses you.
You hit the worker ant but do no damage.
Your bite misses the worker ant.
The worker ant is almost dead.
* * * LOW HITPOINT WARNING * * *
You feel sick. The worker ant closely misses you. The worker ant bites you.
You die...

...######.#.#..##
#..######.#.#..?#
#
#...........#.#.##
.#
#.#######...#.#..#
.. #...#....##.#
#...#......
#...#....# ###...#
#.a####.## +.....#
#.@......#
####..###..####..#
#........#
........###...#
...###### #.......
. .#..###.# .#..#
..#... .. ...#


You could see a worker ant.

Vanquished Creatures
  Jessica (D:2)
  An iguana (D:2)
  A hound skeleton (D:4)
  An adder (D:2)
  An ooze (D:1)
  3 worms
  A dart slug (D:1)
  5 leopard geckos
  An orc (D:3)
  A ball python (D:1)
  6 bats
  A giant cockroach (D:1)
  7 goblins
  7 hobgoblins
  4 jackals (D:2)
  2 quokkas (D:2)
  3 frilled lizards
  5 kobolds
  14 rats
65 creatures vanquished.

Notes
Turn   | Place    | Note
-------+----------+-------------------------------------------
     0 | Abyss:1  | quantumfuzzball the Formicid Abyssal Knight began the quest for the Orb.
     0 | Abyss:1  | Reached XP level 1. HP: 18/18 MP: 2/2
     2 | Abyss:1  | Found a corrupted altar of Lugonu.
    20 | Abyss:1  | Found a corrupted altar of Lugonu.
    44 | Abyss:1  | Found a corrupted altar of Lugonu.
    57 | Abyss:1  | Noticed a large abomination
    66 | D:1      | Escaped the Abyss
   110 | D:1      | Reached skill level 1 in Dodging
   267 | D:1      | Reached XP level 2. HP: 22/24 MP: 3/3
   758 | D:1      | Reached * piety under Lugonu
  1004 | D:1      | Reached XP level 3. HP: 29/29 MP: 4/4
  1801 | D:2      | Noticed Jessica
  1820 | D:2      | Killed Jessica
  1820 | D:2      | Reached XP level 4. HP: 31/37 MP: 6/6
  2347 | D:2      | Reached skill level 1 in Shields
  2530 | D:2      | Reached XP level 5. HP: 29/42 MP: 7/7
  3021 | D:2      | Reached skill level 4 in Fighting
  3397 | D:3      | Reached ** piety under Lugonu
  3465 | D:3      | Gained mutation: Your mind is acute. (Int +2) [potion of mutation]
  3465 | D:3      | Gained mutation: Your flesh is heat resistant. (rF+) [potion of mutation]
  3465 | D:3      | Gained mutation: You are partially covered in yellow scales. (AC +2) [potion of mutation]
  3465 | D:3      | Gained mutation: You have large cloven feet. [potion of mutation]
  3466 | D:3      | Lost mutation: Your flesh is heat resistant. (rF+) [potion of mutation]
  3466 | D:3      | Lost mutation: Your mind is acute. (Int +2) [potion of mutation]
  3466 | D:3      | Gained mutation: Scrolls take you a little longer to read. [potion of mutation]
  3466 | D:3      | Gained mutation: You have very sharp teeth. [potion of mutation]
  3466 | D:3      | Gained mutation: Your muscles are strong. (Str +2) [potion of mutation]
  3467 | D:3      | Lost mutation: You have large cloven feet. [potion of mutation]
  3467 | D:3      | Lost mutation: Your muscles are strong. (Str +2) [potion of mutation]
  3467 | D:3      | Gained mutation: Your muscles are strong. (Str +2) [potion of mutation]
  3467 | D:3      | Gained mutation: You evolve. [potion of mutation]
  3800 | D:3      | Found a shimmering altar of Xom.
  4138 | D:3      | Found a basalt altar of Yredelemnul.
  4403 | D:4      | Slain by a worker ant

Skill      XL: |  1  2  3  4  5 |
---------------+----------------+-----
Dodging        | 1 |  1.2
Invocations    | 3 |  3.2
Shields        | 1 |  1.4
Axes           | 3 |  3.4
Fighting       | 4 |  4.1
Armour         | 3 |  3.1

Action                   |  1- 3 |  4- 6 || total
-------------------------+-------+-------++-------
Melee: Hand axe          |   110 |   105 ||   215
       Bite              |       |     7 ||     7
Invok: Depart the Abyss  |     1 |       ||     1
 Abil: Dig               |       |     1 ||     1
  Use: Scroll            |     1 |     5 ||     6
       Potion            |     1 |     4 ||     5
  Eat: Chunk             |     3 |     7 ||    10
Armor: Leather armour    |    35 |     5 ||    40
       Ring mail         |       |    24 ||    24
Dodge: Dodged            |    73 |    43 ||   116
Block: Shield            |     2 |    51 ||    53
